 Dungeon Crawl Stone Soup version 0.30-a0-335-ge5acde7520 (webtiles) character file.

Game seed: 17047581505679341159

13 Muataran the Chopper (level 2, -1/27 HPs)
             Began as a Hill Orc Monk on Oct 31, 2022.
             Slain by a hobgoblin (2 damage)
             ... on level 1 of the Dungeon.
             The game lasted 00:00:56 (380 turns).

Muataran the Chopper (Hill Orc Monk)                 Turns: 380, Time: 00:00:56

Health: -1/27      AC:  2    Str: 13    XL:     2   Next: 37%
Magic:  2/2        EV: 12    Int: 10    God:
Gold:   29         SH:  0    Dex: 13    Spells: 1/1 levels left

rFire   . . .      SeeInvis .    a - +0 hand axe
rCold   . . .      Faith    .    (no shield)
rNeg    . . .      Spirit   .    b - +0 robe
rPois   .          Reflect  .    (no helmet)
rElec   .          Harm     .    (no cloak)
rCorr   .          Rampage  .    (no gloves)
Will    .....                    (no boots)
Stlth   ++........               (no amulet)
HPRegen 0.24/turn                (no ring)
MPRegen 0.08/turn                (no ring)

@: no status effects
A: no striking features
a: no special abilities


You were on level 1 of the Dungeon.
You visited 1 branch of the dungeon, and saw 1 of its levels.

You collected 29 gold pieces.

Inventory:

Hand Weapons
 a - a +0 hand axe (weapon)
Armour
 b - a +0 robe (worn)
Potions
 c - a potion of ambrosia
 d - a potion of cancellation {unknown}
 e - 2 potions of resistance {unknown}


   Skills:
 + Level 3.9 Fighting
 * Level 4.7 Axes
 - Level 2.4 Dodging
 - Level 1.5 Stealth


You had one spell level left.
You didn't know any spells.
Your spell library was empty.

Dungeon Overview and Level Annotations

Branches:
Dungeon (1/15)

Altars:


Message History

You hit the hobgoblin.
The hobgoblin is moderately wounded.
The hobgoblin closely misses you.
You barely miss the hobgoblin.
The hobgoblin is moderately wounded.
The hobgoblin hits you but does no damage.
You closely miss the hobgoblin.
The hobgoblin is moderately wounded.
The hobgoblin hits you.
You closely miss the hobgoblin.
The hobgoblin is moderately wounded.
The hobgoblin closely misses you.
You hit the hobgoblin but do no damage.
The hobgoblin is lightly wounded.
You hit the endoplasm but do no damage. The hobgoblin hits you.
The endoplasm hits you.
You hit the hobgoblin.
The hobgoblin is heavily wounded.
You hit the endoplasm. The endoplasm hits you. The hobgoblin hits you.
* * * LOW HITPOINT WARNING * * *
The hobgoblin attacks as you move away! The hobgoblin misses you.
You barely miss the hobgoblin.
The hobgoblin is heavily wounded.
The hobgoblin closely misses you.
You barely miss the hobgoblin.
The hobgoblin is heavily wounded.
The hobgoblin hits you.
* * * LOW HITPOINT WARNING * * *
You hit the hobgoblin.
The hobgoblin is almost dead.
The hobgoblin hits you.
* * * LOW HITPOINT WARNING * * *
The endoplasm hits you but does no damage.
The hobgoblin barely misses you.
You hit the hobgoblin but do no damage.
The hobgoblin is almost dead.
You hit the endoplasm.
You kill the endoplasm!
The hobgoblin hits you.
You die...

##..# # . #..#. #..#
#.#####.###### ..#..
##..#####.#....#8#...## .
####.
................#...?[#. .
. ##..#####..............
.# ##..# ##..#..........#
..#
....###..##.....)....##..##
..#.##.........)...........
..#.##..........@g.........
....#.........####.........
...##[#......## ##..$.....
...##.8#.....# #......#.
..#.#.#......# #.....#8.
.#..#........## #......#
#...##........## #.........
...##...†..................
...###.....................


You could see a hobgoblin.

Vanquished Creatures
  2 bats (D:1)
  2 endoplasms (D:1)
  A giant cockroach (D:1)
  4 hobgoblins (D:1)
  3 kobolds (D:1)
12 creatures vanquished.

Notes
Turn   | Place    | Note
-------+----------+-------------------------------------------
     0 | D:1      | Muataran the Hill Orc Monk began the quest for the Orb.
     0 | D:1      | Reached XP level 1. HP: 19/19 MP: 1/1
   101 | D:1      | Reached XP level 2. HP: 27/27 MP: 2/2
   379 | D:1      | HP: 1/27 [hobgoblin (4)]
   380 | D:1      | Slain by a hobgoblin

Illustrated notes

Levels and vault maps discovered:
D:1:      minmay_arrival_plants_in_alcoves, layout_loops_ring,
          hangedman_decor_slide_cut, kennysheep_decorative_pillar

Action                   || total
-------------------------++-------
Melee: Hand axe          ||    54
       Punch             ||     1
Armor: Robe              ||    12
Dodge: Dodged            ||    38

Table legend: (Time is in decaauts)
 A = Elapsed time spent in this place.
 B = Non-inter-level travel time spent in this place.
 C = Inter-level travel time spent in this place.
 D = Time resting spent in this place.
 E = Time spent auto-exploring this place.
 F = Levels seen in this place.
 G = Mean time per level.
                   A        B        C        D        E       F      G
               +--------+--------+--------+--------+--------+-----+--------+
         Total |    384 |    384 |      0 |     59 |    205 |   1 |  384.0 |
       Dungeon |    384 |    384 |      0 |     59 |    205 |   1 |  384.0 |
               +--------+--------+--------+--------+--------+-----+--------+

Top non-repeatable levels by time:
     D:1: 384 daAuts
